 Dungeon Crawl Stone Soup version 0.28.0 (webtiles) character file.

Game seed: 6688614365876146638

233 HallandMoats the Skirmisher (level 5, -2/42 HPs)
             Began as a Demonspawn Monk on Feb 6, 2022.
             Was a Priest of Makhleb.
             Slain by a yak (6 damage)
             ... on level 4 of the Dungeon.
             The game lasted 00:04:44 (3768 turns).

HallandMoats the Skirmisher (Demonspawn Monk)       Turns: 3768, Time: 00:04:44

Health: -2/42      AC:  6    Str: 13    XL:     5   Next: 74%
Magic:  7/7        EV: 20    Int: 12    God:    Makhleb [***...]
Gold:   128        SH:  0    Dex: 19    Spells: 4/4 levels left

rFire   . . .      SeeInvis .     - Unarmed
rCold   . . .      Faith    .   (no shield)
rNeg    . . .      Spirit   .   k - +0 ring mail
rPois   .          Reflect  .   (no helmet)
rElec   .          Harm     .   m - +0 cloak
rCorr   .          Rampage  .   (no gloves)
Will    .....                   (no boots)
Stlth   ++++......              (no amulet)
HPRegen 0.14/turn               i - ring of the Hare {EV+8}
MPRegen 0.10/turn               (no ring)

@: no status effects
A: thin skeletal structure 2
a: Renounce Religion, Minor Destruction, Lesser Servant of Makhleb


You were on level 4 of the Dungeon.
You worshipped Makhleb.
Makhleb was most pleased with you.
You visited 1 branch of the dungeon, and saw 7 of its levels.

You collected 128 gold pieces.

Inventory:

Armour
 k - a +0 ring mail (worn)
 m - a +0 cloak (worn)
Jewellery
 i - the ring of the Hare (left hand) {EV+8}
   (You found it on level 2 of the Dungeon)

   [ring of evasion]

   EV:        It affects your evasion (+8).
Wands
 l - a wand of flame (18)
Scrolls
 g - 2 scrolls of teleportation
 n - a scroll of enchant weapon
Potions
 b - a potion of mutation {unknown}
 c - 3 potions of curing {unknown}
 d - 2 potions of lignification {unknown}
 e - a potion of degeneration {unknown}
 h - 2 potions of flight {unknown}


   Skills:
 * Level 4.1 Fighting
 + Level 1.6 Armour
 + Level 3.2 Dodging
 - Level 1.7 Stealth
 * Level 3.8 Unarmed Combat
 * Level 3.4 Invocations


You had 4 spell levels left.
You didn't know any spells.
Your spell library contained the following spells:

 Spells                   Type           Power      Damage    Failure   Level
 Magic Dart               Conj           0%         1d3       56%         1
 Call Imp                 Summ           0%         N/A       71%         2
 Gell's Gravitas          Tloc           0%         N/A       91%         3
 Lesser Beckoning         Tloc           0%         N/A       91%         3
 Mephitic Cloud           Conj/Pois/Air  0%         N/A       91%         3
 Teleport Other           Tloc           0%         N/A       91%         3


Dungeon Overview and Level Annotations

Branches:
Dungeon (7/15)
 Temple: D:4-7

Altars:
Kikubaaqudgha
Makhleb
Sif Muna
Yredelemnul

Shops:
D:1 =   D:2 [   D:3 =

Annotations:
D:5 Grinder


Innate Abilities, Weirdness & Mutations

You have a moderately thin skeletal structure. (Dex +4, Stealth++)


Message History

You hit the yak but do no damage.
The yak is moderately wounded.
The yak closely misses you.
You hit the yak.
The yak is moderately wounded.
The yak misses you.
You hit the yak.
The yak is heavily wounded.
The yak barely misses you.
You hit the yak but do no damage.
The yak is heavily wounded.
You hit the yak. You punch the yak.
The yak is severely wounded.
The yak gores you.
You completely miss the yak.
The yak is severely wounded.
The yak barely misses you.
You hit the yak but do no damage.
The yak is severely wounded.
The yak gores you but does no damage.
You hit the yak.
The yak is severely wounded.
The yak closely misses you.
You barely miss the yak.
The yak is severely wounded.
The yak closely misses you.
You hit the yak.
The yak is almost dead.
The yak misses you.
You barely miss the yak.
The yak is almost dead.
The yak gores you!
You hit the yak but do no damage.
The yak is almost dead.
The yak gores you!
* * * LOW HITPOINT WARNING * * *
You hit the yak.
The yak is almost dead.
The yak gores you.
You die...

............##........#..#
........#...##.###...##..#
.................#....#..#
.................#....#..#
#####....#.......#.......#
..####...#.......#...#...#
.........................#
.........................#######
#####...........@Y.............#
###...#......#######.........#
###....รท#.[....#######...####..#
........#......##........####..#
###.....#..........[........#..#
#...........###..[.....##.#.)#
#####..........<...#....>##.#..##
..........^...#.##.###.#.##.#....
................#..#.....##.#.###


You could see a yak.

Vanquished Creatures
  A hound (D:4)
  An iguana (D:4)
  A scorpion zombie (D:4)
  2 orc wizards (D:4)
  A killer bee zombie (D:5)
  A howler monkey zombie (D:4)
  3 adders
  2 worms
  2 dart slugs
  5 orcs
  6 bats
  3 endoplasms
  4 goblins
  3 hobgoblins
  3 quokkas (D:4)
  7 ball pythons
  A frilled lizard (D:1)
  3 kobolds
  11 rats
60 creatures vanquished.

Notes
Turn   | Place    | Note
-------+----------+-------------------------------------------
     0 | D:1      | HallandMoats the Demonspawn Monk began the quest for the
                  | Orb.
     0 | D:1      | Reached XP level 1. HP: 18/18 MP: 1/1
   177 | D:1      | Reached skill level 1 in Invocations
   181 | D:1      | Gained mutation: You have a somewhat thin skeletal
                  | structure. (Dex +2, Stealth+) [demonic ancestry]
   181 | D:1      | Reached XP level 2. HP: 18/24 MP: 2/2
   254 | D:1      | Found a faded altar of an unknown god.
   343 | D:1      | Found Odurr's Jewellery Boutique.
   708 | D:1      | Prayed at the altar of an unknown god.
   708 | D:1      | Became a worshipper of Makhleb the Destroyer
   708 | D:1      | Reached * piety under Makhleb
   708 | D:1      | Reached ** piety under Makhleb
  1069 | D:2      | Found the ring of the Hare {EV+8}
  1408 | D:2      | Reached XP level 3. HP: 29/29 MP: 4/4
  1480 | D:2      | Found Wingelot's Antique Armour Shop.
  1786 | D:3      | Reached *** piety under Makhleb
  1821 | D:3      | Found Enwodo's Jewellery Emporium.
  1939 | D:3      | Reached skill level 1 in Armour
  1953 | D:3      | Gained mutation: You have a moderately thin skeletal
                  | structure. (Dex +4, Stealth++) [demonic ancestry]
  1953 | D:3      | Reached XP level 4. HP: 29/35 MP: 5/5
  2205 | D:4      | You fall into a shaft and drop 3 floors!
  2205 | D:7      | Noticed a wraith
  2223 | D:5      | Entered Level 5 of the Dungeon
  2227 | D:5      | Noticed a scorpion
  2379 | D:5      | Noticed a yak
  2961 | D:4      | Reached XP level 5. HP: 36/42 MP: 7/7
  3209 | D:4      | Reached skill level 4 in Fighting
  3278 | D:4      | Found a shimmering blue altar of Sif Muna.
  3310 | D:4      | Found an ancient bone altar of Kikubaaqudgha.
  3541 | D:4      | Found a basalt altar of Yredelemnul.
  3729 | D:5      | Noticed a yak
  3735 | D:5      | Noticed Grinder
  3735 | D:5      | Noticed a yak
  3768 | D:4      | Slain by a yak

Illustrated notes

Levels and vault maps discovered:
D:1:      onia_arrival_handbag, layout_basic, serial_shops,
          nicolae_shop_window_shopping, hellmonk_ecumenical_altar_arch_garden
D:2:      layout_loops_ring, serial_shops, nicolae_shop_hallway_stairs
D:3:      layout_rooms, serial_shops, shop, chequers_serial_rivers_room_b,
          due_unseen_surprise
D:4:      layout_basic, lemuel_zombie_altar_yredelemnul,
          mainiacjoe_overflow_swirl, kennysheep_flooded_box
D:5:      layout_loops_ring, portal_sewer_entry_a, uniq_grinder
D:6:      layout_loops_ring, mainiacjoe_overflow_alcove_1,
          trog_three_pillars_becter
D:7:      layout_loops_ring, zin_statuary, minmay_temple_entry_fiery,
          enter_bailey_2, uniq_maggie

Skill      XL: |  1  2  3  4  5 |
---------------+----------------+-----
Invocations    | 1 2 3 |  3.4
Unarmed Combat | 3 |  3.8
Armour         | 1 |  1.6
Dodging        | 3 |  3.2
Fighting       | 4 |  4.1
Stealth        | |  1.7

Action                   |  1- 3 |  4- 6 || total
-------------------------+-------+-------++-------
Melee: Unarmed           |   151 |   154 ||   305
       Punch             |     6 |     7 ||    13
  Use: Scroll            |       |     4 ||     4
 Stab: Sleeping          |    13 |     3 ||    16
Armor: Robe              |    12 |       ||    12
       Ring mail         |    14 |    28 ||    42
Dodge: Dodged            |   116 |   142 ||   258
